cohdb
Replays
Latest Replays
All Replays
Popular Replays
Top Player Replays
Match Explorer
How It Works
Community
CoH3 Stats
Reddit
Sign in to upload your games and track your stats! →
Sign in with Steam
Match 45658068
Unlisted
Match 45658068
Overview
Messages
Build Orders
End
Construct Section Command Post
Selects Australian Defense Battlegroup
Selects Australian Light Infantry Section
Dingo Light Scout Car
Australian Light Infantry Section
ML 3-inch Mortar Team
Australian Light Infantry Section
Construct Platoon Command Post
Humber Armored Car
6-pounder Anti-tank Gun Team
Flobby
StCuthbert
Exf
Gravey
:
zaro
Stormwing
ö开挂死一户口本
0
0
Comments
sign in to comment!
No comments posted yet!